 Dungeon Crawl Stone Soup version 0.28.0 (webtiles) character file.

Game seed: 17757756151991691420

179 Host24 the Bolt Thrower (level 5, -9/32 HPs)
             Began as a Kobold Hunter on Feb 5, 2022.
             Mangled by an iguana (10 damage)
             ... on level 4 of the Dungeon.
             The game lasted 00:06:12 (3718 turns).

Host24 the Bolt Thrower (Kobold Hunter)             Turns: 3718, Time: 00:06:12

Health: -9/32      AC:  4    Str: 11    XL:     5   Next: 90%
Magic:  5/5        EV: 15    Int: 12    God:
Gold:   135        SH:  0    Dex: 16    Spells: 4/4 levels left

rFire   . . .      SeeInvis .   a - +1 hand crossbow
rCold   . . .      Faith    .   (no shield)
rNeg    . . .      Spirit   .   c - +0 leather armour
rPois   .          Reflect  .   (no helmet)
rElec   .          Harm     .   (no cloak)
rCorr   .          Rampage  .   (no gloves)
Will    .....                   l - +0 pair of boots
Stlth   +++.......              (no amulet)
HPRegen 0.10/turn               (no ring)
MPRegen 0.09/turn               (no ring)

@: no status effects
A: small, no large weapons, nightstalker 3
a: no special abilities


You were on level 4 of the Dungeon.
You visited 1 branch of the dungeon, and saw 4 of its levels.

You collected 135 gold pieces.

Inventory:

Hand Weapons
 a - a +1 hand crossbow (weapon)
 b - a +0 short sword
 r - the +7 whip of the Median {protect, Fragile rElec rF- Will+++}
   (You found it on level 3 of the Dungeon)

   It grants its wielder temporary protection when it strikes (+7 to AC).
   rF:        It makes you vulnerable to fire.
   rElec:     It insulates you from electricity.
   Fragile:   It will be destroyed if unequipped.
   Will:      It greatly increases your willpower.
Missiles
 d - 23 bolts (quivered ammo)
 e - 6 boomerangs
 k - 37 stones
 p - 10 poisoned darts
 t - 34 arrows
Armour
 c - a +0 leather armour (worn)
 l - a +0 pair of boots (worn)
Scrolls
 f - a scroll of silence {unknown}
 h - a scroll of summoning {unknown}
 i - a scroll of enchant weapon {unknown}
 j - a scroll of brand weapon {unknown}
 m - 3 scrolls of identify {unknown}
 n - a scroll of enchant armour {unknown}
 o - a scroll of immolation {unknown}
Potions
 g - a potion of invisibility {unknown}
 q - a potion of cancellation {unknown}
 s - a potion of magic {unknown}
 u - a potion of heal wounds {unknown}


   Skills:
 - Level 3.0 Fighting
 + Level 6.9 Crossbows
 - Level 4.1 Dodging
 - Level 1.3 Stealth


You had 4 spell levels left.
You didn't know any spells.
Your spell library contained the following spells:

 Spells                   Type           Power      Damage    Failure   Level
 Beastly Appendage        Tmut           0%         N/A       41%         1
 Wereblood                Tmut           0%         N/A       54%         2
 Spider Form              Tmut/Pois      0%         N/A       78%         3


Dungeon Overview and Level Annotations

Branches:
Dungeon (4/15)
 Temple: D:4-7

Altars:

Annotations:
D:2 1 runed translucent door, Crazy Yiuf


Innate Abilities, Weirdness & Mutations

You are small and have problems with some larger weapons.
You are completely attuned to the shadows.


Message History

Aim: an iguana (lightly wounded, 71% to hit)
You shoot a bolt.
The bolt hits the iguana but does no damage.
The iguana is lightly wounded.
The iguana closely misses you.
Fire: 28 bolts
Press: ? - help, Q - select action, (/) - cycle Shift-Dir - straight line, f/p - iguana
Aim: an iguana (lightly wounded, 71% to hit)
You shoot a bolt. The bolt hits the iguana.
The iguana is moderately wounded.
The iguana closely misses you.
Fire: 27 bolts
Press: ? - help, Q - select action, (/) - cycle Shift-Dir - straight line, f/p - iguana
Aim: an iguana (moderately wounded, 71% to hit)
You shoot a bolt.
The bolt hits the iguana but does no damage.
The iguana is moderately wounded.
The iguana barely misses you.
Fire: 26 bolts
Press: ? - help, Q - select action, (/) - cycle Shift-Dir - straight line, f/p - iguana
Aim: an iguana (moderately wounded, 71% to hit)
You shoot a bolt.
The bolt hits the iguana but does no damage.
The iguana is moderately wounded.
The iguana barely misses you. The iguana bites you.
Fire: 25 bolts
Press: ? - help, Q - select action, (/) - cycle Shift-Dir - straight line, f/p - iguana
Aim: an iguana (moderately wounded, 71% to hit)
You shoot a bolt. The bolt closely misses the iguana.
The iguana hisses menacingly.
The iguana bites you!
* * * LOW HITPOINT WARNING * * *
Fire: 24 bolts
Press: ? - help, Q - select action, (/) - cycle Shift-Dir - straight line, f/p - iguana
Aim: an iguana (moderately wounded, 71% to hit)
You shoot a bolt.
The bolt hits the iguana but does no damage.
The iguana is moderately wounded.
The iguana bites you!
You die...

.. ... ..# .## #.
..#####..# ≈≈#
...##....# r≈
......##.## ######r#
.##.#..#..###...@#.#..
..#†.............l(.(.
..................(.?.
..####.....>......##..
.... #............# .
#....>.#....#####..
###....###..# ..#..#
#.. ..#..K ..


You could see an iguana.

Vanquished Creatures
  An orc priest (D:3)
  A bullfrog skeleton (D:4)
  A hound skeleton (D:4)
  3 adders (D:2)
  A worm (D:3)
  3 dart slugs
  4 orcs (D:3)
  8 ball pythons
  5 bats
  An endoplasm (D:2)
  3 giant cockroaches
  9 goblins
  9 hobgoblins
  5 kobolds
  4 quokkas
  4 frilled lizards
  6 rats
68 creatures vanquished.

Notes
Turn   | Place    | Note
-------+----------+-------------------------------------------
     0 | D:1      | Host24 the Kobold Hunter began the quest for the Orb.
     0 | D:1      | Reached XP level 1. HP: 12/12 MP: 1/1
    75 | D:1      | Reached skill level 5 in Crossbows
   113 | D:1      | Reached XP level 2. HP: 18/18 MP: 2/2
   750 | D:1      | Reached XP level 3. HP: 12/23 MP: 3/3
  1114 | D:1      | Found a faded altar of an unknown god.
  1725 | D:2      | Reached XP level 4. HP: 24/28 MP: 4/4
  2369 | D:2      | Found a runed translucent door.
  2372 | D:2      | Noticed Crazy Yiuf
  2549 | D:3      | Identified the +7 whip of the Median {protect, Fragile
                  | rElec rF- Will+++}
  3043 | D:3      | Reached XP level 5. HP: 30/32 MP: 5/5
  3108 | D:3      | Reached skill level 6 in Crossbows
  3717 | D:4      | HP: 1/32 [iguana (11)]
  3718 | D:4      | Mangled by an iguana

Illustrated notes

Levels and vault maps discovered:
D:1:      mrwooster_arrival_statue_3, layout_basic,
          dreamdust_ecumenical_altar_angels_and_demons,
          minmay_misc_feat_enclosed, fountainhead
D:2:      layout_basic, serial_glass, glass_columns_a, glass_columns_b,
          glass_columns_a, glass_columns_a, glass_columns_c, glass_columns_b,
          feat_on_display, item_on_display_a, item_on_display_a,
          uniq_crazy_yiuf_cottage
D:3:      layout_basic
D:4:      layout_cave_pools, cheibrodos_worm_habitat, minmay_temple_entry_glass,
          gup_sewer_entry_bubbles

Skill      XL: |  1  2  3  4  5 |
---------------+----------------+-----
Crossbows      | 5 6 |  6.9
Fighting       | 3 |  3.0
Dodging        | 4 |  4.1
Stealth        | |  1.3

Action                   |  1- 3 |  4- 6 || total
-------------------------+-------+-------++-------
Melee: Short sword       |   114 |   128 ||   242
       Punch             |     1 |     2 ||     3
 Fire: Hand crossbow     |     6 |    33 ||    39
 Stab: Sleeping          |    12 |     3 ||    15
Armor: Leather armour    |    19 |    23 ||    42
Dodge: Dodged            |    69 |   124 ||   193
